 Dungeon Crawl Stone Soup version 0.30-a0-996-ga6910c8ee8 (webtiles) character file.

Game seed: 17128447615375783420

6302 Pimp the Chiller (level 10, -4/76 HPs)
             Began as a Barachi Ice Elementalist on Apr 4, 2023.
             Was a Priest of Cheibriados.
             Slain by an orc warrior
             ... wielding a +0 war axe
              (11 damage)
             ... in a bailey.
             The game lasted 00:30:50 (7980 turns).

Pimp the Chiller (Barachi Ice Elementalist)         Turns: 7980, Time: 00:30:52

Health: -4/76      AC: 11    Str: 24    XL:     10   Next: 95%
Magic:  27/27      EV: 16    Int: 27    God:    Cheibriados [***...]
Gold:   729        SH:  7    Dex: 27    Spells: 12/19 levels left

rFire   + . .      SeeInvis .    k - +11 hammer of Zuetos {freeze, rF+ MP+9}
rCold   . . .      Faith    .    m - +0 buckler
rNeg    . . .      Spirit   .    e - +0 acid dragon scales
rPois   .          Reflect  .    p - +0 helmet
rElec   .          Rampage  .    d - +0 cloak
rCorr   +                        j - +0 pair of gloves
Will    .....                    (no boots)
Stlth   ++                       s - amulet of regeneration
HPRegen 1.12/turn                f - +6 ring of dexterity
MPRegen 0.20/turn                B - +6 ring of strength

@: on berserk cooldown, slowed, studying Unarmed Combat, very slow
A: amphibious, slowness 1, strong legs 1, +LOS
a: Hop, Renounce Religion, Bend Time, Temporal Distortion


You were in a bailey.
You worshipped Cheibriados.
Cheibriados was most pleased with you.
You visited 2 branches of the dungeon, and saw 10 of its levels.
You also visited: Bailey.

You collected 729 gold pieces.

Inventory:

Hand Weapons
 h - a +0 dagger
 k - the +11 hammer of Zuetos (weapon) {freeze, rF+ MP+9}
   (You found it on level 2 of the Dungeon)

   rF:        It protects you from fire.
   MP:        It affects your magic capacity (+9).
 o - a +3 whip
Missiles
 v - 2 throwing nets
Armour
 a - a +0 robe
 d - a +0 cloak (worn)
 e - +0 acid dragon scales (worn)
 j - a +0 pair of gloves (worn)
 m - a +0 buckler (worn)
 n - a +0 ring mail
 p - a +0 helmet (worn)
Jewellery
 c - a ring of resist corrosion
 f - a +6 ring of dexterity (left hand)
 s - an amulet of regeneration (around neck)
 t - an amulet of the acrobat
 B - a +6 ring of strength (right hand)
Wands
 w - a wand of digging (4)
 y - a wand of roots (9)
 E - a wand of polymorph (6)
Scrolls
 l - 2 scrolls of noise
 q - 5 scrolls of teleportation
 r - 9 scrolls of identify
 u - a scroll of amnesia
 x - a scroll of vulnerability
 C - a scroll of poison {unknown}
 D - a scroll of fog
Potions
 b - 3 potions of magic
 i - 7 potions of attraction
 A - a potion of flight {unknown}


   Skills:
 + Level 5.6 Fighting
 * Level 7.4 Maces & Flails
 + Level 5.8 Armour
 + Level 6.0 Dodging
 - Level 2.3 Stealth
 * Level 7.0 Shields
 + Level 5.4 Spellcasting
 + Level 4.8 Fire Magic
 + Level 7.8 Ice Magic
 + Level 4.8 Poison Magic


You had 12 spell levels left.
You knew the following spells:

 Your Spells              Type           Power      Damage    Failure   Level
a - Freeze                Ice            100%       1d10      1%          1
b - Frozen Ramparts       Ice            98%        1d15      1%          3
c - Ignite Poison         Fire/Tmut/Pois 24%        N/A       9%          3

Your spell library contained the following spells:

 Spells                   Type           Power      Damage    Failure   Level
 Ozocubu's Armour         Ice            49%        N/A       1%          3
 Beastly Appendage        Tmut           14%        N/A       11%         1
 Summon Small Mammal      Summ           28%        N/A       11%         1
 Spider Form              Tmut/Pois      20%        N/A       12%         3
 Wereblood                Tmut           7%         N/A       16%         2
 Kindle Blastsparks       Fire/Tloc/Air  32%        2d12      17%         3
 Summon Ice Beast         Ice/Summ       28%        N/A       22%         4
 Call Canine Familiar     Summ           7%         N/A       32%         3
 Summon Guardian Golem    Hex/Summ       7%         N/A       32%         3
 Tukima's Dance           Hex            7%         N/A       32%         3
 Passage of Golubria      Tloc           7%         N/A       71%         4
 Freezing Cloud           Conj/Ice/Air   10%        6-21      71%         5
 Yara's Violent Unravell  Hex/Tmut       3%         3d4       96%         5


Dungeon Overview and Level Annotations

Branches:
Dungeon (9/15)             Temple (1/1) D:5            Lair (0/5) D:8
 Bailey (1/1)
    Orc: D:9-12

Altars:
Ashenzari
Cheibriados
Elyvilon
Fedhas
Gozag
Hepliaklqana
Kikubaaqudgha
Makhleb
Nemelex Xobeh
Okawaru
Qazlal
Ru
Sif Muna
Trog
Uskayaw
Vehumet
Wu Jian
Yredelemnul
Zin
The Shining One

Shops:
D:5 *

Annotations:
D:2 1 runed translucent door, Crazy Yiuf


Innate Abilities, Weirdness & Mutations

You are amphibious.
You cover ground slowly.
You can hop short distances.
You have an extended range of vision and can be seen from far away.


Message History

The orc warrior barely misses you. You block the kobold brigand's attack.
The kobold brigand barely misses you.
You sock the kobold brigand! You freeze the kobold brigand.
You kill the kobold brigand!
Cheibriados appreciates the change of pace.
You block the orc warrior's attack.
The kobold brigand hits you but does no damage.
The orc warrior barely misses you.
The orc warrior hits you with a +0 war axe!
* * * LOW HITPOINT WARNING * * *
The kobold brigand hits you with a +0 war axe!
* * * LOW HITPOINT WARNING * * *
You sock the kobold brigand! You freeze the kobold brigand.
The kobold brigand is severely wounded.
The orc warrior hits you with a +0 war axe.
* * * LOW HITPOINT WARNING * * *
You block the orc warrior's attack. You block the kobold brigand's attack.
You closely miss the kobold brigand.
The kobold brigand is severely wounded.
The orc warrior hits you but does no damage.
The orc warrior hits you with a +0 war axe.
* * * LOW HITPOINT WARNING * * *
The kobold brigand barely misses you. You block the orc warrior's attack.
The orc warrior completely misses you.
The kobold brigand hits you with a +0 war axe.
* * * LOW HITPOINT WARNING * * *
You thump the kobold brigand! You freeze the kobold brigand.
You kill the kobold brigand!
Cheibriados appreciates the change of pace.
The orc warrior closely misses you. The orc warrior barely misses you.
You block the orc warrior's attack.
The orc warrior hits you with a +0 war axe.
* * * LOW HITPOINT WARNING * * *
You barely miss the orc warrior.
You are no longer berserk.
You are exhausted.
You feel as though you will be slow longer.
The orc warrior completely misses you. The orc warrior barely misses you.
The orc warrior hits you with a +0 war axe!
You die...

###.}).(.?}.###
.............#
.............
.K..o...... ........
...... ...# ###'###
##@o(..## #.oo8...#
#∩....[∩# ##.....##
####'''####
##~.......~##
#####~~.......~~#####
#....~~.......~~....#
#.###~~.......~~###.#


You could see 3 orc warriors.

Vanquished Creatures
  A two-headed ogre (D:9)
  Pikel (D:8)
  Maggie (D:7)
  A wyvern (D:7)
  A shadow (D:7)
  3 yaks (D:7)
  A steam dragon (D:7)
  Menkaure (D:7)
  Duvessa (D:5)
  4 water moccasins
  A sky beast (D:6)
  2 black bears (D:8)
  An orc warrior (D:8)
  2 ice beasts
  3 ogres
  4 centaurs
  6 kobold brigands (Bailey)
  7 bullfrogs
  A gnoll sergeant (D:6)
  4 scorpions
  5 wights (D:8)
  Dowan (D:5)
  9 killer bees
  3 hounds (D:5)
  A gnoll bouda (D:6)
  A jelly (D:5)
  3 orc priests
  Ijyb (D:5)
  Natasha (twice) (D:2)
  4 orc wizards
  15 gnolls
  5 adders
  A shadow imp (D:8)
  2 ufetubi (D:5)
  4 worms
  3 dart slugs
  20 orcs
  7 endoplasms
  3 giant cockroaches
  6 hobgoblins
  8 jackals
  5 quokkas
  4 ball pythons
  5 bats
  A frilled lizard (D:3)
  8 goblins
  18 kobolds
  7 rats
198 creatures vanquished.

Vanquished Creatures (others)
  An orc warrior (D:7)
  8 fungi
  8 plants (D:8)
17 creatures vanquished.

Grand Total: 215 creatures vanquished

Notes
Turn   | Place    | Note
-------+----------+-------------------------------------------
     0 | D:1      | Pimp the Barachi Ice Elementalist began the quest for the
                  | Orb.
     0 | D:1      | Reached XP level 1. HP: 13/13 MP: 3/3
   122 | D:1      | Reached XP level 2. HP: 19/19 MP: 3/5
   165 | D:1      | Reached skill level 5 in Ice Magic
   536 | D:1      | Reached XP level 3. HP: 16/24 MP: 3/6
  1259 | D:2      | Noticed Natasha
  1490 | D:2      | Killed Natasha
  1491 | D:2      | Reached skill level 1 in Maces & Flails
  1491 | D:2      | Reached XP level 4. HP: 24/31 MP: 3/8
  1561 | D:2      | Found a runed translucent door.
  1562 | D:2      | Noticed Crazy Yiuf
  1563 | D:2      | Identified the +11 hammer of Zuetos {freeze, rF+ MP+9}
  1691 | D:2      | Found a faded altar of an unknown god.
  1823 | D:2      | Reached skill level 1 in Fighting
  1845 | D:2      | Noticed Natasha
  1849 | D:2      | Killed Natasha
  1850 | D:2      | Reached skill level 1 in Armour
  2038 | D:3      | Reached XP level 5. HP: 31/37 MP: 9/9
  3085 | D:3      | Learned a level 3 spell: Frozen Ramparts
  3089 | D:3      | Learned a level 3 spell: Ignite Poison
  3228 | D:4      | Noticed an ogre
  3236 | D:4      | Killed an ogre
  3237 | D:4      | Reached XP level 6. HP: 44/44 MP: 10/10
  3406 | D:4      | Reached skill level 1 in Shields
  3526 | D:5      | Entered Level 5 of the Dungeon
  3683 | D:5      | Reached skill level 1 in Poison Magic
  3752 | D:5      | Reached skill level 1 in Fire Magic
  3787 | D:5      | Found a staircase to the Ecumenical Temple.
  3803 | Temple   | Entered the Ecumenical Temple
  3943 | D:5      | Reached XP level 7. HP: 50/50 MP: 12/12
  3994 | D:5      | Found a glowing golden altar of the Shining One.
  4015 | D:5      | Found a burning altar of Makhleb.
  4016 | D:5      | Found a snail-covered altar of Cheibriados.
  4162 | D:5      | Noticed Ijyb
  4171 | D:5      | Killed Ijyb
  4226 | D:5      | Found an opulent altar of Gozag.
  4230 | D:5      | Found Gozag's Platinum Reserve.
  4475 | D:6      | Reached XP level 8. HP: 29/57 MP: 13/13
  4476 | D:6      | HP: 2/57 [ice beast (13)]
  4789 | D:6      | Noticed Duvessa
  4915 | D:6      | Noticed Dowan
  4936 | D:5      | Killed Duvessa
  4944 | D:5      | Killed Dowan
  5419 | D:6      | Found an ornate altar of the Wu Jian Council.
  5592 | D:5      | Became a worshipper of Cheibriados the Contemplative
  5682 | D:7      | Reached XP level 9. HP: 65/65 MP: 15/15
  5882 | D:7      | Reached skill level 5 in Maces & Flails
  6028 | D:7      | Noticed Menkaure
  6051 | D:7      | Killed Menkaure
  6156 | D:7      | Found a sacrificial altar of Ru.
  6211 | D:7      | Reached skill level 5 in Dodging
  6211 | D:7      | Reached skill level 5 in Shields
  6219 | D:7      | Reached * piety under Cheibriados
  6256 | D:7      | Found a bloodstained altar of Trog.
  6409 | D:7      | Found a sparkling altar of Nemelex Xobeh.
  6589 | D:7      | Noticed Maggie
  6605 | D:7      | Killed Maggie
  6606 | D:7      | Reached XP level 10. HP: 61/73 MP: 17/17
  6804 | D:8      | Reached skill level 5 in Armour
  6908 | D:8      | Reached ** piety under Cheibriados
  6923 | D:8      | Reached skill level 5 in Fighting
  6923 | D:8      | Reached skill level 5 in Spellcasting
  6942 | D:8      | Noticed Pikel
  6984 | D:8      | Killed Pikel
  7012 | D:8      | Found a staircase to the Lair.
  7075 | D:8      | Found a broken altar of Ashenzari.
  7579 | D:9      | Noticed a two-headed ogre
  7586 | D:9      | Killed a two-headed ogre
  7720 | D:9      | Found an ancient bone altar of Kikubaaqudgha.
  7834 | D:9      | Found a flagged portal.
  7836 | D:9      | Reached *** piety under Cheibriados
  7854 | Bailey   | Entered a bailey
  7980 | Bailey   | Slain by an orc warrior

Illustrated notes

Levels and vault maps discovered:
D:1:      dpeg_arrival_windows_large_door, layout_basic, minmay_3d_cube
D:2:      layout_loops_cross, shapermc_ecumenical_altar_petra,
          grunt_ministairs_2, uniq_natasha, uniq_crazy_yiuf_cottage
D:3:      layout_loops_ring, corexii_shack
D:4:      layout_basic
D:5:      layout_loops_ring, mainiacjoe_overflow_alcove_1,
          nicolae_gozag_zags_fifth_avenue, nicolae_overflow_hidden_temple,
          minmay_temple_entry_stoned_glass, minmay_checkerbox, uniq_ijyb
D:6:      layout_cave_pools, lemuel_round_altar, uniq_duvessa
D:7:      layout_loops_ring, mainiacjoe_overflow_six_doors_small,
          nemelex_dance_club_becter, lightli_temple_of_fire,
          grunt_decor_mini_mirrors, minmay_manual_monolith, uniq_maggie,
          uniq_menkaure
D:8:      layout_loops_ring, mainiacjoe_overflow_tiny_flanked,
          grunt_lair_entry_orc_guard_hut, nicolae_sextant, kennysheep_boxes,
          uniq_pikel
D:9:      layout_roguey, nicolae_kikubaaqudgha_miasma_corner,
          mainiacjoe_overflow_two_lobes, enter_bailey_7
Temple:   hellmonk_temple_beads
Bailey:   bailey_axe_3, bailey

Skill      XL: |  1  2  3  4  5  6  7  8  9 10 |
---------------+-------------------------------+-----
Stealth        | 2 |  2.3
Ice Magic      | 5 6 7 |  7.8
Maces & Flails | 1 2 3 4 6 7 |  7.4
Dodging        | 3 4 5 6 |  6.0
Fighting       | 1 2 3 4 5 |  5.6
Armour         | 1 2 3 4 5 |  5.8
Spellcasting   | 3 4 5 |  5.4
Shields        | 1 2 4 5 7 |  7.0
Poison Magic   | 1 2 3 4 |  4.8
Fire Magic     | 1 2 3 4 |  4.8

Action                     |  1- 3 |  4- 6 |  7- 9 | 10-12 || total
---------------------------+-------+-------+-------+-------++-------
  Melee: Unarmed           |    10 |       |       |       ||    10
         Dagger            |    54 |       |       |       ||    54
         Whip              |    21 |     2 |       |       ||    23
         Mace              |       |    97 |   186 |   160 ||   443
   Cast: Freeze            |    35 |     2 |       |       ||    37
         Frozen Ramparts   |       |     1 |     2 |       ||     3
Ability: Hop               |       |     1 |     1 |       ||     2
  Evoke: Wand              |       |       |     1 |       ||     1
    Use: Scroll            |     3 |     4 |     4 |     2 ||    13
         Potion            |       |     3 |     6 |     2 ||    11
   Stab: Sleeping          |     1 |     4 |     1 |     1 ||     7
         Distracted        |       |     2 |       |       ||     2
 Armour: Robe              |    28 |     9 |       |       ||    37
         Ring mail         |       |    23 |    77 |       ||   100
         Acid dragon scale |       |       |       |    72 ||    72
  Dodge: Dodged            |    65 |    76 |   125 |   171 ||   437
  Block: Buckler           |       |    11 |    48 |   103 ||   162

Table legend: (Time is in decaauts)
 A = Elapsed time spent in this place.
 B = Non-inter-level travel time spent in this place.
 C = Inter-level travel time spent in this place.
 D = Time resting spent in this place.
 E = Time spent auto-exploring this place.
 F = Levels seen in this place.
 G = Mean time per level.
                   A        B        C        D        E       F      G
               +--------+--------+--------+--------+--------+-----+--------+
         Total |   9998 |   9094 |    904 |   1298 |   5184 |  11 |  908.9 |
       Dungeon |   9653 |   8749 |    904 |   1290 |   5090 |   9 | 1072.6 |
        Temple |    120 |    120 |      0 |      0 |     93 |   1 |  120.0 |
        Bailey |    223 |    223 |      0 |      8 |      0 |   1 |  223.0 |
               +--------+--------+--------+--------+--------+-----+--------+

Top non-repeatable levels by time:
     D:7: 1531 daAuts
     D:2: 1425 daAuts
     D:5: 1357 daAuts
     D:8: 1243 daAuts
     D:4: 958 daAuts
     D:3: 904 daAuts
     D:1: 848 daAuts
     D:6: 785 daAuts
     D:9: 599 daAuts
  Bailey: 223 daAuts
  Temple: 120 daAuts
